 Dungeon Crawl Stone Soup version 0.31.0-11-ge490571c62 (webtiles) character file.

Game seed: 9020069070948181633

105 Silvore the Trooper (level 4, -3/37 HPs)
             Began as a Demonspawn Fighter on Feb 11, 2024.
             Slain by a gnoll
             ... wielding a +0 club
              (5 damage)
             ... on level 2 of the Dungeon.
             The game lasted 00:01:41 (1149 turns).

Silvore the Trooper (Demonspawn Fighter)            Turns: 1149, Time: 00:01:41

Health: -3/37      AC: 18    Str: 18    XL:     4   Next: 53%
Magic:  4/4        EV:  5    Int:  8    God:
Gold:   91         SH:  4    Dex: 13    Spells: 3/3 levels left

rFire   . . .        a - +0 long sword
rCold   . . .        c - +0 buckler
rNeg    . . .        h - +0 plate armour
rPois   .            (no helmet)
rElec   .            (no cloak)
rCorr   .            (no gloves)
SInv    .            j - +0 pair of boots
Will    .....        (no amulet) Stlth
                     (no ring)
HPRegen 0.26/turn    (no ring)
MPRegen 0.09/turn

%: no passive effects
@: sanguine armoured
A: foul stench 1, sanguine armour 1
a: no special abilities


You were on level 2 of the Dungeon.
You visited 1 branch of the dungeon, and saw 3 of its levels.

You collected 91 gold pieces.

Inventory:

Hand Weapons
 a - a +0 long sword (weapon)
Armour
 b - a +0 scale mail
 c - a +0 buckler (worn)
 h - a +0 plate armour (worn)
 j - a +0 pair of boots (worn)
Scrolls
 f - a scroll of teleportation
 g - a scroll of identify
 i - a scroll of silence {unknown}
Potions
 d - a potion of might
 e - 2 potions of heal wounds
 k - a potion of curing {unknown}


   Skills:
 + Level 3.8 Fighting
 + Level 2.6 Long Blades
 + Level 3.5 Armour
 + Level 0.1 Dodging
 + Level 3.0 Shields


You had 3 spell levels left.
You didn't know any spells.
Your spell library was empty.

Dungeon Overview and Level Annotations

Branches:
Dungeon (3/15)

Altars:

Shops:
D:2 *


Innate Abilities, Weirdness & Mutations

You may rarely emit foul miasma when damaged in melee.
When seriously injured, your blood forms armour. (AC +6)


Message History

Found 6 gold pieces.
The gnoll shouts! x4
You block the gnoll's attack. The gnoll attacks as it pursues you!
The gnoll hits you but does no damage. The gnoll completely misses you.
There is an escape hatch in the ceiling here.
The gnoll hits you but does no damage. A mysterious force pulls you upwards.
The hatch slams shut behind you.
There are monsters nearby!
You slash the gnoll!
The gnoll is severely wounded.
You block the gnoll's attack. The gnoll hits you with a +4 whip.
You barely miss the gnoll.
The gnoll is severely wounded.
The gnoll hits you but does no damage. The gnoll hits you with a +4 whip!
You slash the gnoll!
You kill the gnoll!
The gnoll hits you with a +0 club. x2; Your blood congeals into armour.
Things that are here:
a +4 whip; a gnoll corpse The gnoll attacks as it pursues you!
The gnoll hits you with a +0 club.
You barely miss the gnoll. You closely miss the gnoll.
The gnoll hits you with a +0 club. x2
* * * LOW HITPOINT WARNING * * *
You hit the gnoll.
The gnoll is heavily wounded.
The gnoll hits you but does no damage. The gnoll barely misses you.
You closely miss the gnoll.
The gnoll is heavily wounded.
The gnoll hits you with a +0 club.
* * * LOW HITPOINT WARNING * * *
You block the gnoll's attack. The gnoll hits you but does no damage.
The gnoll hits you with a +0 club.
* * * LOW HITPOINT WARNING * * *
You slash the gnoll!
You kill the gnoll!
The gnoll hits you with a +0 club.
* * * LOW HITPOINT WARNING * * *
The gnoll hits you with a +0 club.
You die...

#.##.#######..#
### #.##.## .#
#.....# #
####..# #..####
#.....# #.###.#
#.# #.# #@###.#
#.g...# #######


You could see a gnoll.

Vanquished Creatures
  6 gnolls
  An adder (D:2)
  4 endoplasms
  3 giant cockroaches
  5 goblins
  A hobgoblin (D:2)
  3 jackals (D:1)
  A kobold (D:2)
  6 ball pythons
  4 bats
  2 frilled lizards
  3 rats (D:1)
39 creatures vanquished.

Notes
Turn   | Place    | Note
-------+----------+-------------------------------------------
     0 | D:1      | Silvore the Demonspawn Fighter began the quest for the Orb.
     0 | D:1      | Reached XP level 1. HP: 18/18 MP: 1/1
    20 | D:1      | Gained mutation: You may rarely emit foul miasma when
                  | damaged in melee. [demonic ancestry]
    20 | D:1      | Reached XP level 2. HP: 24/24 MP: 2/2
   162 | D:1      | Found a faded altar of an unknown god.
   163 | D:1      | Noticed a great orb of eyes
   165 | D:1      | Noticed a glass eye
   165 | D:1      | Noticed a glass eye
   165 | D:1      | Noticed an eye of devastation
   335 | D:1      | Gained mutation: When seriously injured, your blood forms
                  | armour. (AC +6) [demonic ancestry]
   335 | D:1      | Reached XP level 3. HP: 26/29 MP: 3/3
   819 | D:2      | Reached XP level 4. HP: 19/37 MP: 4/4
  1029 | D:2      | Found Fiwnicao's Assorted Antiques.
  1122 | D:2      | You fall into a shaft and drop 1 floor!
  1148 | D:2      | HP: 1/37 [gnoll/+0 club (5)]
  1149 | D:2      | Slain by a gnoll

Illustrated notes

Levels and vault maps discovered:
D:1:      dpeg_arrival_radiant, layout_basic,
          hellmonk_ecumenical_altar_watching_god
D:2:      layout_basic, serial_shops, nicolae_shop_overgrown_old_shop
D:3:      layout_basic, cheibriados_altar_1, minmay_crystal_room, uniq_grinder,
          uniq_ijyb

Skill      XL: |  1  2  3 |
---------------+----------+-----
Long Blades    | 2 |  2.6
Shields        | 3 |  3.0
Armour         | 3 |  3.5
Fighting       | |  3.8
Dodging        | |  0.1

Action                     |  1- 3 |  4- 6 || total
---------------------------+-------+-------++-------
  Melee: Long sword        |    83 |    28 ||   111
    Use: Scroll            |     3 |       ||     3
 Armour: Scale mail        |    45 |       ||    45
         Plate armour      |    62 |    31 ||    93
  Dodge: Dodged            |    40 |     5 ||    45
  Block: Buckler           |    24 |    11 ||    35
